 Dungeon Crawl Stone Soup version 0.31.0-11-ge490571c62 (webtiles) character file.

Game seed: 17323940794590278623

62 Silvore the Trooper (level 3, 0/30 HPs)
             Began as a Demonspawn Fighter on Feb 7, 2024.
             Slain by a gnoll bouda
             ... wielding a +0 whip
              (5 damage)
             ... on level 3 of the Dungeon.
             The game lasted 00:01:48 (2090 turns).

Silvore the Trooper (Demonspawn Fighter)            Turns: 2090, Time: 00:01:48

Health: 0/30       AC:  8    Str: 18    XL:     3   Next: 85%
Magic:  3/3        EV:  9    Int:  8    God:
Gold:   139        SH:  4    Dex: 12    Spells: 2/2 levels left

rFire   . . .        a - +0 long sword
rCold   . . .        c - +0 buckler
rNeg    . . .        b - +0 scale mail
rPois   .            (no helmet)
rElec   .            (no cloak)
rCorr   .            (no gloves)
SInv    .            (no boots)
Will    .....        (no amulet) Stlth
                     (no ring)
HPRegen 0.25/turn    (no ring)
MPRegen 0.08/turn

%: no passive effects
@: no status effects
A: claws 1, molten scales 1
a: no special abilities


You were on level 3 of the Dungeon.
You visited 1 branch of the dungeon, and saw 3 of its levels.

You collected 139 gold pieces.

Inventory:

Hand Weapons
 a - a +0 long sword (weapon)
Missiles
 m - a throwing net (quivered)
Armour
 b - a +0 scale mail (worn)
 c - a +0 buckler (worn)
Jewellery
 k - a ring of fire
Scrolls
 e - a scroll of poison {unknown}
Potions
 d - a potion of might
 f - a potion of haste {unknown}
 h - a potion of lignification {unknown}
 i - 2 potions of enlightenment {unknown}
 n - a potion of brilliance {unknown}
 o - a potion of attraction {unknown}


   Skills:
 + Level 3.7 Fighting
 + Level 2.4 Long Blades
 + Level 3.1 Armour
 + Level 0.3 Dodging
 + Level 3.0 Shields


You had 2 spell levels left.
You didn't know any spells.
Your spell library contained the following spells:

 Spells                   Type           Power      Damage    Failure   Level
 Call Imp                 Summ           0%         N/A       95%         2
 Lesser Beckoning         Tloc           0%         N/A       95%         2
 Sublimation of Blood     Necr           0%         N/A       95%         2
 Gell's Gravitas          Tloc           0%         N/A       99%         3
 Teleport Other           Tloc           0%         N/A       99%         3
 Summon Hydra             Summ           0%         N/A       100%        7


Dungeon Overview and Level Annotations

Branches:
Dungeon (3/15)

Altars:
Sif Muna


Innate Abilities, Weirdness & Mutations

You have sharp fingernails.
You are partially covered in molten scales. (AC +2)


Message History

The gnoll is no longer moving quickly. x2
The gnoll bouda gazes fiercely through you!
You feel as though you will be weak longer.
You block the gnoll bouda's attack.
You barely miss the gnoll bouda.
The gnoll bouda is severely wounded.
The gnoll is no longer moving quickly.
The gnoll bouda utters an invocation to its god.
The gnoll bouda is healed somewhat.
You barely miss the gnoll bouda.
The gnoll bouda is heavily wounded.
The gnoll bouda hits you but does no damage.
The gnoll bouda barely misses you.
You hit the gnoll bouda but do no damage.
The gnoll bouda is heavily wounded.
The gnoll bouda misses you.
You barely miss the gnoll bouda.
The gnoll bouda is heavily wounded.
You block the gnoll bouda's attack.
You barely miss the gnoll bouda.
The gnoll bouda is heavily wounded.
The gnoll bouda barks out a call to the hunt!
The gnolls pick up the pace!
You closely miss the gnoll bouda.
The gnoll bouda is heavily wounded.
Your attacks no longer feel as feeble.
You block the gnoll bouda's attack.
The gnoll bouda hits you with a +0 whip.
* * * LOW HITPOINT WARNING * * *
You barely miss the gnoll bouda.
The gnoll bouda is heavily wounded.
The gnoll bouda hits you but does no damage.
You closely miss the gnoll bouda.
The gnoll bouda is heavily wounded.
You block the gnoll bouda's attack.
Unknown command.
You hit the gnoll bouda.
The gnoll bouda is severely wounded.
The gnoll bouda hits you with a +0 whip.
You die...

.#########.#.#
..
.........#..#
.#
.###........#
.# ##
#.###....##
##.# #.#
#>....###.#
#.#
##...#..$.#
#.# ##.#####.#
#.# #.# #.#
#.# #.. #@#
#.# #### #g#
#.# #g# #.#
#g# #.#


gg. #.# #.# ..# ### You could see a gnoll bouda and 4 gnolls.

Vanquished Creatures
  2 adders (D:2)
  3 dart slugs
  A ribbon worm (D:2)
  3 giant cockroaches
  3 goblins (D:1)
  A hobgoblin (D:1)
  4 kobolds
  A quokka (D:2)
  5 ball pythons
  5 bats
  3 frilled lizards
  6 rats
37 creatures vanquished.

Notes
Turn   | Place    | Note
-------+----------+-------------------------------------------
     0 | D:1      | Silvore the Demonspawn Fighter began the quest for the Orb.
     0 | D:1      | Reached XP level 1. HP: 18/18 MP: 1/1
   248 | D:1      | Gained mutation: You are partially covered in molten
                  | scales. (AC +2) [demonic ancestry]
   248 | D:1      | Reached XP level 2. HP: 19/24 MP: 2/2
   920 | D:2      | Found a shimmering blue altar of Sif Muna.
  1127 | D:2      | Gained mutation: You have sharp fingernails. [demonic
                  | ancestry]
  1127 | D:2      | Reached XP level 3. HP: 29/29 MP: 3/3
  2090 | D:3      | Slain by a gnoll bouda

Illustrated notes

Levels and vault maps discovered:
D:1:      onia_arrival_mini_maze_b, layout_basic
D:2:      layout_basic, basic_altar
D:3:      layout_loops_ring, okawaru_altar_gauntlet_db, gammafunk_ghost_arena,
          ebering_ecumenical_altar_box

Skill      XL: |  1  2  3 |
---------------+----------+-----
Long Blades    | 2 |  2.4
Armour         | 3 |  3.1
Shields        | 3 |  3.0
Fighting       | |  3.7
Dodging        | |  0.3

Action                     || total
---------------------------++-------
  Melee: Long sword        ||   147
    Use: Scroll            ||     6
 Armour: Scale mail        ||   127
  Dodge: Dodged            ||    75
  Block: Buckler           ||    44
